 Dungeon Crawl Stone Soup version 0.28-a0-631-g0446da8ef9 (webtiles) character file.

Game seed: 801894430706326405

6556 MeltyBlood the Nimble (level 11, -6/87 HPs)
             Began as a Gnoll Monk on Oct 9, 2021.
             Was a High Priest of Sif Muna.
             Killed from afar by a raiju (25 damage)
             ... with a living lightning
             ... on level 2 of the Abyss.
             The game lasted 00:15:23 (10836 turns).

MeltyBlood the Nimble (Gnoll Monk)                 Turns: 10836, Time: 00:15:24

Health: -6/87      AC: 15    Str: 10    XL:     11   Next: 1%
Magic:  19/19      EV: 18    Int:  9    God:    Sif Muna [*****.]
Gold:   222        SH:  0    Dex: 25    Spells: 19/21 levels left

rFire   + . .      SeeInvis .   w - +9 lance "Wyrmbane" {slay drac, rPois rF+ rC+ AC+3}
rCold   + . .      Faith    .   (no shield)
rNeg    . . .      Spirit   .   y - +0 acid dragon scales
rPois   +          Reflect  .   (no helmet)
rElec   .          Harm     .   e - +0 cloak
rCorr   +          Rampage  .   D - +2 pair of gloves
Will    .....                   (no boots)
Stlth   ++++......              (no amulet)
HPRegen 0.24/turn               g - ring of poison resistance
MPRegen 0.16/turn               H - +6 ring of dexterity

@: no status effects
A: fangs 1, strong nose, distributed training
a: Renounce Religion, Channel Magic, Forget Spell, Divine Exegesis


You were on level 2 of the Abyss.
You worshipped Sif Muna.
Sif Muna was extremely pleased with you.
You visited 1 branch of the dungeon, and saw 10 of its levels.
You visited the Abyss 1 time.

You collected 606 gold pieces.
You spent 384 gold pieces at shops.

Inventory:

Hand Weapons
 a - a +0 falchion
 j - a +2 dagger of venom
 w - the +9 lance "Wyrmbane" (weapon) {slay drac, rPois rF+ rC+ AC+3}
   (You took it off Maggie on level 7 of the Dungeon)

   It inflicts extra damage against dragons and draconians.
   AC:        It affects your AC (+3).
   rF:        It protects you from fire.
   rC:        It protects you from cold.
   rPois:     It protects you from poison.
Missiles
 q - 8 silver javelins (quivered)
 I - 6 boomerangs
Armour
 b - a +0 robe
 c - a +0 leather armour
 e - a +0 cloak (worn)
 y - +0 acid dragon scales (worn)
 D - a +2 pair of gloves (worn)
Magical Staves
 p - a staff of death
 G - a staff of air
Jewellery
 f - a +6 ring of intelligence
 g - a ring of poison resistance (left hand)
 F - a ring of see invisible
 H - a +6 ring of dexterity (right hand)
 R - a ring of protection from fire
 T - a +6 ring of strength
Wands
 r - a wand of digging (9)
 E - a wand of flame (25)
 J - a wand of iceblast (13)
 S - a wand of acid (2)
Scrolls
 d - a scroll of torment {unknown}
 i - 2 scrolls of blinking
 k - 3 scrolls of enchant armour {unknown}
 m - 3 scrolls of holy word {unknown}
 n - a scroll of fog {unknown}
 u - 2 scrolls of vulnerability {unknown}
 x - a scroll of noise {unknown}
 A - a scroll of silence
 B - a scroll of immolation
 K - a scroll of teleportation
 L - a scroll of enchant weapon {unknown}
 M - 3 scrolls of identify
 O - 2 scrolls of amnesia {unknown}
 Q - a scroll of summoning {unknown}
Potions
 h - a potion of resistance
 l - 2 potions of degeneration
 o - 4 potions of magic
 s - a potion of flight
 z - a potion of mutation
 C - 3 potions of attraction
 N - a potion of berserk rage {unknown}
 P - 3 potions of curing


   Skills:
 + Level 8.9 Fighting
 + Level 5.8 Short Blades
 + Level 8.9 Long Blades
 + Level 5.8 Axes
 + Level 5.8 Maces & Flails
 + Level 5.8 Polearms
 + Level 5.8 Staves
 + Level 5.8 Slings
 + Level 5.8 Bows
 + Level 5.8 Crossbows
 + Level 5.8 Throwing
 + Level 5.8 Armour
 + Level 8.9 Dodging
 + Level 7.2 Stealth
 + Level 5.8 Shields
 + Level 5.8 Unarmed Combat
 + Level 5.8 Spellcasting
 + Level 4.8 Conjurations
 + Level 4.8 Hexes
 + Level 4.8 Summonings
 + Level 4.8 Necromancy
 + Level 4.8 Translocations
 + Level 4.8 Transmutations
 + Level 4.8 Fire Magic
 + Level 4.8 Ice Magic
 + Level 4.8 Air Magic
 + Level 4.8 Earth Magic
 + Level 4.8 Poison Magic
 + Level 6.4 Invocations
 + Level 5.8 Evocations


You had 19 spell levels left.
You knew the following spells:

 Your Spells              Type           Power      Damage    Failure   Level
a - Wereblood             Tmut           11%        N/A       7%          2

Your spell library contained the following spells:

 Spells                   Type           Power      Damage    Failure   Level
 Sublimation of Blood     Necr           5%         N/A       7%          2
 Summon Hydra             Summ           5%         N/A       100%        7


Dungeon Overview and Level Annotations

Branches:
Dungeon (10/15)            Temple (0/1) D:7             Orc (0/2) D:9
   Lair: D:8-11

Altars:
Cheibriados
Sif Muna

Shops:
D:5 !   D:6 *   D:7 ?

Annotations:
D:2 exclusions: phantom and 1 more exclusion
D:3 1 runed translucent door, Crazy Yiuf
D:10 Erolcha


Innate Abilities, Weirdness & Mutations

You have very sharp teeth.
Your uncanny sense of smell can sniff out nearby items.
Your experience applies equally to all skills.


Message History

Found 47 gold pieces.
A raiju comes into view.
You strike the helpless raiju from behind!
You hit the raiju. You bite the raiju, but do no damage.
The raiju is lightly wounded.
You miss the raiju. You bite the raiju, but do no damage.
The raiju is lightly wounded.
The raiju bursts into living lightning!
The living lightning hits you.
The raiju blinks!
You puncture the raiju!
The raiju is moderately wounded.
The raiju bursts into living lightning!
The living lightning hits you!!
* * * LOW HITPOINT WARNING * * *
The raiju blinks!
A raiju comes into view.
You feel much better.
The raiju bursts into living lightning!
The living lightning misses you.
The raiju blinks!
The raiju barks!
You puncture the raiju! You bite the raiju, but do no damage.
The raiju is severely wounded.
The raiju bites you but does no damage.
You puncture the raiju!
The raiju is almost dead.
The raiju barely misses you.
You puncture the raiju!
You kill the raiju!
Sif Muna accepts your kill.
Your life force feels restored.
You have reached level 11!
The raiju bursts into living lightning!
The living lightning hits you!
* * * LOW HITPOINT WARNING * * *
The raiju blinks!
You see here 47 gold pieces.
You now have 222 gold pieces (gained 47).
The raiju bursts into living lightning!
The living lightning hits you!!
You die...

##. .#. .# .#.# .. ###
###. ..#.# ## #.#.#..
..... ...## . ...#.# #
.. #.#...#####..#.#
#.....?#..#.#....##.#
. #..#.....#.....#..#
# ##..###.
##h..#..##...
#..#.........##.@....#
##......#....##...#.#
.#..#.#.####.##.#.....
### .##. . . ##
#...#.#
..#ยง##...##... .#..#
..# .# .##### ......
..# ####. ..#.. .
##### .


You could see a raiju.

Vanquished Creatures
  A two-headed ogre (D:9)
  Maggie (D:7)
  A tengu conjurer (D:10)
  A raiju (Abyss:2)
  Sigmund (D:2)
  A wraith (D:9)
  3 wyverns
  2 yaks (D:10)
  A steam dragon (D:8)
  An acid dragon (D:9)
  A water moccasin (D:6)
  2 orc warriors
  2 sky beasts
  2 black bears
  4 necrophages (D:7)
  3 ogres
  6 centaurs
  A phantom (D:5)
  A kobold brigand (D:8)
  A bullfrog (D:7)
  5 scorpions
  4 killer bees (D:9)
  4 wights
  5 howler monkeys
  6 centaur zombies
  2 hounds (D:5)
  2 centaur skeletons (D:7)
  7 orc priests
  A gnoll shaman (D:8)
  Terence (D:2)
  4 iguanas
  Natasha (thrice) (D:2)
  6 orc wizards
  Ijyb (D:3)
  A killer bee zombie (D:6)
  3 howler monkey zombies
  Robin (D:3)
  10 adders
  3 gnolls (D:8)
  A howler monkey skeleton (D:5)
  2 worms
  2 dart slugs (D:1)
  18 orcs
  10 ball pythons
  5 endoplasms
  2 giant cockroaches
  16 goblins
  16 hobgoblins
  3 jackals (D:5)
  14 kobolds
  4 quokkas
  8 bats
  2 frilled lizards (D:1)
  7 rats
215 creatures vanquished.

Vanquished Creatures (others)
  A withered plant (D:7)
1 creature vanquished.

Grand Total: 216 creatures vanquished

Notes
Turn   | Place    | Note
-------+----------+-------------------------------------------
     0 | D:1      | MeltyBlood the Gnoll Monk began the quest for the Orb.
     0 | D:1      | Reached XP level 1. HP: 23/23 MP: 1/1
   191 | D:1      | Reached XP level 2. HP: 29/29 MP: 2/2
   488 | D:1      | Reached XP level 3. HP: 35/35 MP: 3/3
   936 | D:2      | Noticed Terence
  1004 | D:2      | Killed Terence
  1005 | D:2      | Reached skill level 1 in Short Blades
  1005 | D:2      | Reached skill level 1 in Axes
  1005 | D:2      | Reached skill level 1 in Maces & Flails
  1005 | D:2      | Reached skill level 1 in Polearms
  1005 | D:2      | Reached skill level 1 in Staves
  1005 | D:2      | Reached skill level 1 in Slings
  1005 | D:2      | Reached skill level 1 in Bows
  1005 | D:2      | Reached skill level 1 in Crossbows
  1005 | D:2      | Reached skill level 1 in Throwing
  1005 | D:2      | Reached skill level 1 in Armour
  1005 | D:2      | Reached skill level 1 in Shields
  1005 | D:2      | Reached skill level 1 in Unarmed Combat
  1005 | D:2      | Reached skill level 1 in Spellcasting
  1005 | D:2      | Reached skill level 1 in Invocations
  1005 | D:2      | Reached skill level 1 in Evocations
  1005 | D:2      | Reached XP level 4. HP: 23/41 MP: 5/5
  1320 | D:2      | Noticed a phantom
  1375 | D:2      | Found a faded altar of an unknown god.
  1391 | D:2      | Became a worshipper of Sif Muna the Loreminder
  1391 | D:2      | Reached * piety under Sif Muna
  1391 | D:2      | Reached ** piety under Sif Muna
  1653 | D:2      | Noticed Natasha
  1665 | D:2      | Killed Natasha
  1666 | D:2      | Reached skill level 1 in Conjurations
  1666 | D:2      | Reached skill level 1 in Hexes
  1666 | D:2      | Reached skill level 1 in Summonings
  1666 | D:2      | Reached skill level 1 in Necromancy
  1666 | D:2      | Reached skill level 1 in Translocations
  1666 | D:2      | Reached skill level 1 in Transmutations
  1666 | D:2      | Reached skill level 1 in Fire Magic
  1666 | D:2      | Reached skill level 1 in Ice Magic
  1666 | D:2      | Reached skill level 1 in Air Magic
  1666 | D:2      | Reached skill level 1 in Earth Magic
  1666 | D:2      | Reached skill level 1 in Poison Magic
  1757 | D:2      | Reached *** piety under Sif Muna
  1969 | D:2      | Noticed Sigmund
  1991 | D:2      | Killed Sigmund
  1992 | D:2      | Reached XP level 5. HP: 41/47 MP: 5/7
  1992 | D:2      | Reached XP level 6. HP: 46/53 MP: 5/8
  2091 | D:2      | Noticed Natasha
  2100 | D:2      | Killed Natasha
  2202 | D:2      | Noticed Natasha
  2217 | D:2      | Killed Natasha
  2723 | D:3      | Noticed Robin
  2731 | D:3      | Killed Robin
  2756 | D:3      | Noticed Ijyb
  2779 | D:3      | Killed Ijyb
  3585 | D:3      | Found a runed translucent door.
  3586 | D:3      | Noticed Crazy Yiuf
  3991 | D:4      | Reached XP level 7. HP: 34/59 MP: 10/10
  4350 | D:4      | Reached **** piety under Sif Muna
  4995 | D:5      | Entered Level 5 of the Dungeon
  5098 | D:5      | Found Utemperr's Distillery.
  5108 | D:5      | Bought a potion of haste for 110 gold pieces
  5108 | D:5      | Bought a potion of heal wounds for 55 gold pieces
  5206 | D:5      | Reached skill level 5 in Stealth
  5616 | D:5      | Reached XP level 8. HP: 49/67 MP: 12/12
  7227 | D:6      | Reached XP level 9. HP: 72/72 MP: 14/14
  7655 | D:6      | Found Piffix's Gadget Gallery.
  7665 | D:6      | Bought a wand of iceblast (7) for 154 gold pieces
  8256 | D:7      | Found Atium's Magic Scroll Emporium.
  8296 | D:7      | Bought a scroll of teleportation for 39 gold pieces
  8296 | D:7      | Bought a scroll of identify for 26 gold pieces
  8312 | D:7      | Found a snail-covered altar of Cheibriados.
  8340 | D:7      | Reached ***** piety under Sif Muna
  8452 | D:7      | Found a staircase to the Ecumenical Temple.
  8693 | D:7      | Reached skill level 5 in Invocations
  8704 | D:7      | Noticed Maggie
  8731 | D:7      | Killed Maggie
  9184 | D:8      | Reached XP level 10. HP: 68/80 MP: 17/17
  9478 | D:8      | Reached skill level 5 in Short Blades
  9478 | D:8      | Reached skill level 5 in Axes
  9478 | D:8      | Reached skill level 5 in Maces & Flails
  9478 | D:8      | Reached skill level 5 in Polearms
  9478 | D:8      | Reached skill level 5 in Staves
  9478 | D:8      | Reached skill level 5 in Slings
  9478 | D:8      | Reached skill level 5 in Bows
  9478 | D:8      | Reached skill level 5 in Crossbows
  9478 | D:8      | Reached skill level 5 in Throwing
  9478 | D:8      | Reached skill level 5 in Armour
  9478 | D:8      | Reached skill level 5 in Shields
  9478 | D:8      | Reached skill level 5 in Unarmed Combat
  9478 | D:8      | Reached skill level 5 in Spellcasting
  9478 | D:8      | Reached skill level 5 in Evocations
  9554 | D:8      | Received a gift from Sif Muna
  9614 | D:8      | Learned a level 2 spell: Wereblood
  9891 | D:9      | Found a staircase to the Orcish Mines.
  9944 | D:9      | Noticed a two-headed ogre
  9963 | D:9      | Killed a two-headed ogre
 10455 | D:10     | Entered Level 10 of the Dungeon
 10727 | D:10     | Noticed Erolcha
 10735 | D:10     | Cast into level 2 of the Abyss (Erolcha)
 10790 | Abyss:2  | Noticed a smoke demon
 10798 | Abyss:2  | Noticed a glowing orange brain
 10813 | Abyss:2  | Noticed a manticore
 10813 | Abyss:2  | Noticed a wretched star
 10833 | Abyss:2  | Reached XP level 11. HP: 34/87 MP: 19/19
 10836 | Abyss:2  | Killed from afar by a raiju

Illustrated notes

Levels and vault maps discovered:
D:1:      dpeg_arrival_arbitrary_c, layout_loops_ring
D:2:      layout_basic, chequers_ecumenical_altar_simple_redux,
          minmay_misc_feat_five, uniq_sigmund, uniq_terence, uniq_natasha
D:3:      minmay_inner_zag, layout_loops_corners, serial_aquarium,
          aquarium_bridge_straight [aquarium_subvault_bridge,
          aquarium_subvault_wall, aquarium_subvault_bridge,
          aquarium_subvault_wall], aquarium_bridge_straight
          [aquarium_subvault_bridge, aquarium_subvault_window,
          aquarium_subvault_bridge, aquarium_subvault_window],
          aquarium_window_1, aquarium_window_1, aquarium_window_fake,
          aquarium_window_2, aquarium_view_2g, aquarium_view_2a,
          aquarium_balcony_3a, uniq_robin, uniq_ijyb, uniq_crazy_yiuf_cottage
D:4:      minmay_opposing_rooms, layout_cave_pools, grunt_ministairs_10,
          dk_rats_in_the_wall
D:5:      minmay_chambers_of_fours, layout_gridville, serial_shops,
          nicolae_shop_crystal
D:6:      layout_loops_ring, minmay_misc_feat_room, nicolae_shop_gadgets
D:7:      layout_basic, lemuel_tele_altar, minmay_temple_entry_mini_moons,
          serial_shops, shop_fountains, serial_undead, serial_undead_c,
          serial_undead_b, serial_undead_e, serial_undead_b, uniq_maggie
D:8:      layout_cave_pools
D:9:      layout_roguey, orc_0_dummy
D:10:     layout_basic, serial_corexii_hall, corexii_hall_statues_x,
          chequers_hall_statues_corner_a, chequers_hall_statues_y, uniq_erolcha
Abyss:2:  base:
D:9

Skill      XL: |  1  2  3  4  5  6  7  8  9 10 |
---------------+-------------------------------+-----
Short Blades   | 1 2 3 4 5 |  5.8
Axes           | 1 2 3 4 5 |  5.8
Maces & Flails | 1 2 3 4 5 |  5.8
Polearms       | 1 2 3 4 5 |  5.8
Staves         | 1 2 3 4 5 |  5.8
Slings         | 1 2 3 4 5 |  5.8
Bows           | 1 2 3 4 5 |  5.8
Crossbows      | 1 2 3 4 5 |  5.8
Throwing       | 1 2 3 4 5 |  5.8
Armour         | 1 2 3 4 5 |  5.8
Shields        | 1 2 3 4 5 |  5.8
Unarmed Combat | 1 2 3 4 5 |  5.8
Spellcasting   | 1 2 3 4 5 |  5.8
Invocations    | 1 2 3 4 5 6 |  6.4
Evocations     | 1 2 3 4 5 |  5.8
Conjurations   | 1 2 3 4 |  4.8
Hexes          | 1 2 3 4 |  4.8
Summonings     | 1 2 3 4 |  4.8
Necromancy     | 1 2 3 4 |  4.8
Translocations | 1 2 3 4 |  4.8
Transmutations | 1 2 3 4 |  4.8
Fire Magic     | 1 2 3 4 |  4.8
Ice Magic      | 1 2 3 4 |  4.8
Air Magic      | 1 2 3 4 |  4.8
Earth Magic    | 1 2 3 4 |  4.8
Poison Magic   | 1 2 3 4 |  4.8
Fighting       | 7 8 |  8.9
Long Blades    | 7 8 |  8.9
Dodging        | 7 8 |  8.9
Stealth        | 5 6 7 |  7.2

Action                   |  1- 3 |  4- 6 |  7- 9 | 10-12 || total
-------------------------+-------+-------+-------+-------++-------
Melee: Falchion          |    39 |   166 |   453 |       ||   658
       Bite              |     7 |    20 |    73 |    25 ||   125
       Dagger            |    37 |    26 |       |       ||    63
       Punch             |       |       |    10 |     4 ||    14
       Lance             |       |       |    14 |   193 ||   207
Throw: Javelin           |       |     5 |    42 |       ||    47
 Cast: Wereblood         |       |       |       |     3 ||     3
Evoke: Wand              |       |       |     6 |     9 ||    15
  Use: Potion            |       |     1 |     4 |     2 ||     7
       Scroll            |       |       |     9 |     1 ||    10
 Stab: Sleeping          |    10 |     8 |    10 |     5 ||    33
       Distracted        |       |       |     2 |     2 ||     4
Armor: Leather armour    |    14 |    28 |   140 |       ||   182
       Acid dragon scale |       |       |     2 |    50 ||    52
       Skin              |       |       |       |    27 ||    27
Dodge: Dodged            |    44 |   130 |   402 |   107 ||   683

Table legend: (Time is in decaauts)
 A = Elapsed time spent in this place.
 B = Non-inter-level travel time spent in this place.
 C = Inter-level travel time spent in this place.
 D = Time resting spent in this place.
 E = Time spent auto-exploring this place.
 F = Levels seen in this place.
 G = Mean time per level.
                   A        B        C        D        E       F      G
               +--------+--------+--------+--------+--------+-----+--------+
         Total |  10735 |  10430 |    305 |   1183 |   7315 |  11 |  975.9 |
       Dungeon |  10640 |  10335 |    305 |   1155 |   7315 |  10 | 1064.0 |
         Abyss |     94 |     94 |      0 |     28 |      0 |   1 |   94.0 |
               +--------+--------+--------+--------+--------+-----+--------+

Top non-repeatable levels by time:
     D:5: 1551 daAuts
     D:2: 1548 daAuts
     D:3: 1543 daAuts
     D:6: 1294 daAuts
     D:7: 1274 daAuts
     D:4: 1039 daAuts
     D:1: 851 daAuts
     D:9: 698 daAuts
     D:8: 565 daAuts
    D:10: 273 daAuts
 Abyss:2: 94 daAuts
